 Dungeon Crawl Stone Soup version 0.21.1-1-g345015f (webtiles) character file.

186 pk666 the Magician (level 5, 0/28 HPs)
             Began as a Deep Elf Wizard on Feb 10, 2018.
             Killed from afar by letownia3's ghost (5 damage)
             ... with a magic dart
             ... on level 3 of the Dungeon.
             The game lasted 00:09:20 (2721 turns).

pk666 the Magician (Deep Elf Wizard)                Turns: 2721, Time: 00:09:21

Health: 0/28       AC:  5    Str:  4    XL:     5   Next: 38%
Magic:  10/15      EV: 13    Int: 24    God:
Gold:   127        SH:  0    Dex: 13    Spells: 6/15 levels left

rFire    . . .     SeeInvis .   m - +2 dagger (speed)
rCold    + . .     Gourm    .   (no shield)
rNeg     . . .     Faith    .   a - +0 robe
rPois    .         Spirit   .   b - +0 hat
rElec    .         Reflect  .   x - +0 cloak
rCorr    +         Harm     .   v - +0 pair of gloves (curse)
MR       .....                  i - +0 pair of boots
Stlth    ++........             u - amulet of magic regeneration
HPRegen  0.09/turn              j - ring of resist corrosion
MPRegen  0.39/turn              w - ring of protection from cold

@: very slightly contaminated
A: no striking features
a: no special abilities


You were on level 3 of the Dungeon.
You were not hungry.

You visited 1 branch of the dungeon, and saw 3 of its levels.

You collected 127 gold pieces.

Inventory:

Hand Weapons
 m - a +2 dagger of speed (weapon)
Armour
 a - a +0 robe (worn)
 b - a +0 hat (worn)
 i - a +0 pair of boots (worn)
 v - a cursed +0 pair of gloves (worn)
 x - a +0 cloak (worn)
Jewellery
 j - a ring of resist corrosion (left hand)
 u - an amulet of magic regeneration (around neck)
 w - a ring of protection from cold (right hand)
Wands
 y - a wand of random effects (28)
Scrolls
 e - 4 scrolls of remove curse {unknown}
 g - 2 scrolls of identify {unknown}
 h - a scroll of fear {unknown}
 p - a scroll of teleportation {unknown}
 q - a scroll of amnesia {unknown}
 r - a scroll of random uselessness {unknown}
Potions
 f - 2 potions of lignification {unknown}
 k - a potion of brilliance {unknown}
 l - a potion of invisibility {unknown}
 n - 2 potions of might {unknown}
 o - a potion of resistance {unknown}
 s - 2 potions of mutation {unknown}
 t - a potion of haste {unknown}
 z - a potion of heal wounds {unknown}
Books
 c - a book of Minor Magic

   Spells                             Type                      Level
   a - Magic Dart                     Conjuration                  1
   b - Blink                          Translocation                2
   c - Call Imp                       Summoning                    2
   d - Slow                           Hexes                        2
   e - Conjure Flame                  Conjuration/Fire             3
   f - Mephitic Cloud                 Conjuration/Poison/Air       3
Comestibles
 d - 3 rations
 A - 7 chunks of flesh


   Skills:
 + Level 3.4 Dodging
 - Level 2.4 Stealth
 * Level 5.8 Spellcasting
 * Level 3.2 Conjurations
   Level 1.1 Summonings
 - Level 1.1 Translocations
 + Level 1.3 Fire Magic
 + Level 1.3 Air Magic
 + Level 1.1 Poison Magic


You had 6 spell levels left.
You knew the following spells:

 Your Spells              Type           Power        Failure   Level  Hunger
a - Magic Dart            Conj           ###.         2%          1    None
b - Blink                 Tloc           N/A          8%          2    None
d - Conjure Flame         Conj/Fire      ###.....     10%         3    #......
z - Mephitic Cloud        Conj/Pois/Air  ###.....     11%         3    #......


Dungeon Overview and Level Annotations

Branches:
Dungeon (3/15)

Altars:

Annotations:
D:3 letownia3's ghost, weakling DsWz


Message History

Confirm with . or Enter, or press ? or * to list all spells.
You can't see any susceptible monsters within range! (Use Z to cast anyway.) 2 orcs come into view.
The orc shouts! x2; You hear a shout!
Letownia3's ghost casts a spell at you. The magic dart hits you!
* * * LOW HITPOINT WARNING * * *
The orc moves out of view.
Casting: Magic Dart
Confirm with . or Enter, or press ? or * to list all spells.
Aiming: Mephitic Cloud
Press: ? - help, Shift-Dir - straight line, p - letownia3's ghost You miscast Mephitic Cloud.
You are very lightly contaminated with residual magic.
Your hair stands on end.
An orc wizard comes into view. It is wielding a dagger of holy wrath.
An orc comes into view. It is wielding a club.
Letownia3's ghost casts a spell at you. The magic dart hits you!
You die...

.o....#.......
.....#.......
....#...#..
#.#.........#
######o#.W...##..#.#
#............##..#.#
#...........###..#.#
#......)....# #..#.#
#.........@.###..#.#
#####........##..#.#
#........'...#.#######
#........##.##........
................#######
######
#########+###.#......#
#....# #.......#......#
#.##.# #.......#......+
#.##'#####
#.......#......#


You could see letownia3's ghost and an orc.

Vanquished Creatures
  Crazy Yiuf (D:2)
  2 iguanas (D:2)
  A worker ant (D:1)
  An adder (D:3)
  A worm (D:3)
  A dart slug (D:1)
  2 leopard geckos (D:2)
  An orc (D:3)
  A ball python (D:2)
  7 bats
  2 giant cockroaches
  10 goblins
  7 hobgoblins
  4 jackals (D:2)
  10 kobolds
  A quokka (D:2)
  3 frilled lizards
  9 rats
64 creatures vanquished.

Notes
Turn   | Place    | Note
-------+----------+-------------------------------------------
     0 | D:1      | pk666 the Deep Elf Wizard began the quest for the Orb.
     0 | D:1      | Reached XP level 1. HP: 10/10 MP: 7/7
   318 | D:1      | Reached XP level 2. HP: 15/15 MP: 2/9
   878 | D:1      | Reached skill level 5 in Spellcasting
  1005 | D:1      | Reached XP level 3. HP: 19/19 MP: 9/11
  1017 | D:1      | Learned a level 2 spell: Blink
  1021 | D:1      | Learned a level 3 spell: Mephitic Cloud
  1025 | D:1      | Learned a level 3 spell: Conjure Flame
  1770 | D:2      | Reached XP level 4. HP: 21/24 MP: 2/13
  1962 | D:2      | Reached skill level 1 in Fire Magic
  1962 | D:2      | Reached skill level 1 in Air Magic
  2142 | D:2      | Found a runed door.
  2353 | D:2      | Reached XP level 5. HP: 28/28 MP: 6/15
  2464 | D:2      | Noticed Crazy Yiuf
  2469 | D:2      | Killed Crazy Yiuf
  2469 | D:2      | Reached skill level 1 in Poison Magic
  2711 | D:3      | Noticed letownia3's ghost (weakling DsWz)
  2721 | D:3      | Killed from afar by letownia3's ghost

Skill      XL: |  1  2  3  4  5 |
---------------+----------------+-----
Conjurations   | 2 3 |  3.2
Spellcasting   | 5 |  5.8
Dodging        | 3 |  3.4
Fire Magic     | 1 |  1.3
Air Magic      | 1 |  1.3
Poison Magic   | 1 |  1.1
Stealth        | |  2.4
Summonings     | |  1.1
Translocations | |  1.1

Action                   |  1- 3 |  4- 6 || total
-------------------------+-------+-------++-------
Melee: Dagger            |    11 |     2 ||    13
 Cast: Magic Dart        |   100 |    65 ||   165
       Conjure Flame     |     1 |     1 ||     2
       Blink             |     1 |       ||     1
       Mephitic Cloud    |       |     1 ||     1
  Eat: Chunk             |     2 |     3 ||     5
Armor: Robe              |     4 |     1 ||     5
Dodge: Dodged            |    29 |     5 ||    34
